AoeStats
← Iamak3186

Arabia

504527385Analyzed
1v1 RM · 27d ago on Sep 5, 2026· 31m 27s· 2 players
Game mode
Random Map
Map size
Tiny (2 player)
Population
200
Speed
Normal
Resources
Standard
Victory
Conquest
Starting age
Dark Age
Ending age
Imperial Age
RankedLock teamsTeams togetherTeam positionsShared explorationLock speedFull tech treeHidden civsTurbo modeCheats
Victory
Defeat
🇫🇷 Franks · France
1201
+16
🇮🇳 Mongols · India
1203
-16
Stupid Bird
6:10 Loom
9:08 Feudal Age
10:11 Double-Bit Axe
17:33 Wheelbarrow
17:31 Gold Mining
20:29 Castle Age
19:48 Forging
19:44 Scale Barding Armor
19:33 Gold Mining
23:48 Bow Saw
25:22 Iron Casting
28:00 Gold Shaft Mining
29:28 Chain Barding Armor
29:13 Stone Mining
Iamak3186
7:52 Feudal Age
7:52 Loom
8:37 Double-Bit Axe
11:34 Horse Collar
16:50 Fletching
20:36 Wheelbarrow
22:19 Castle Age
22:36 Bloodlines
23:00 Scale Barding Armor
23:37 Gold Mining
23:59 Bow Saw
25:03 Wheelbarrow
27:54 Town Watch
28:28 Heavy Plow
Connection lost

Rejoining the realm…

Still unreachable

The connection could not be restored.

Session expired

The server has moved on; the page needs a fresh start.